 Dungeon Crawl Stone Soup version bcrawl-1.19-7-g22fd707d3b (webtiles) character file.

Game seed: 17758394966924585602

141 Freyura the Cudgeler (level 5, -9/32 HPs)
             Began as a Gargoyle Gladiator on Nov 18, 2019.
             Mangled by an ogre
             ... wielding a +0 giant club
              (17 damage)
             ... on level 4 of the Dungeon.
             The game lasted 00:07:37 (2246 turns).

Freyura the Cudgeler (Gargoyle Gladiator)           Turns: 2246, Time: 00:07:38

Health: -9/32      AC: 15    Str: 18    XL:     5   Next: 24%
Magic:  5/5        EV: 12    Int:  8    God:
Gold:   266        SH:  5    Dex: 12    Spells: 4/4 levels left

rFire    . . .     SeeInvis .   a - +0 flail
rCold    . . .     Gourm    .   (no shield)
rNeg     + . .     Faith    .   s - +0 ring mail
rPois    ∞         Spirit   .   u - +2 helmet
rElec    +         Reflect  +   (no cloak)
rCorr    .         Harm     .   (no gloves)
MR       .....                  (no boots)
Stlth    +.........             e - +5 amulet of reflection
HPRegen  0.10/turn              l - +3 ring of protection
MPRegen  0.09/turn              (no ring)

@: no status effects
A: negative energy resistance 1, electricity resistance, unbreathing,
petrification resistance, rot immunity, AC +4
a: no special abilities


You were on level 4 of the Dungeon.
You were near starving.

You visited 1 branch of the dungeon, and saw 4 of its levels.

You collected 266 gold pieces.

Inventory:

Hand Weapons
 a - a +0 flail (weapon)
Missiles
 d - 3 throwing nets (quivered) {!f}
Armour
 b - a +0 leather armour
 c - a +1 helmet
 s - a +0 ring mail (worn)
 u - a +2 helmet (worn)
Jewellery
 e - a +5 amulet of reflection (around neck)
 l - a +3 ring of protection (left hand)
 v - an uncursed ring of ice
Scrolls
 i - 2 scrolls of identify
 n - 2 scrolls of teleportation
Potions
 j - a potion of might
 k - 3 potions of curing
 p - a potion of lignification
Comestibles
 f - 5 rations {!d}


   Skills:
 + Level 3.2 Fighting
 * Level 4.3 Maces & Flails
 - Level 1.7 Throwing
 + Level 2.0 Armour
 - Level 3.0 Dodging


You had 4 spell levels left.
You didn't know any spells.
Your spell library contained the following spells:

 Spells                   Type           Power        Failure   Level  Hunger
 Flame Tongue             Conj/Fire      #....        58%         1    ##.....
 Flaming Arrows           Chrm/Fire      #.......     75%         2    ###....
 Conjure Flame            Conj/Fire      #.......     92%         3    ####...
 Inner Flame              Hex/Fire       N/A          92%         3    ####...
 Sticky Flame             Conj/Fire      #.......     100%        4    #####..
 Fireball                 Conj/Fire      #.........   100%        5    ######.


Dungeon Overview and Level Annotations

Branches:
Dungeon (4/12)
 Temple: D:4-7

Altars:
Okawaru


Innate Abilities, Weirdness & Mutations

You are resistant to torment.
Your stone body is resilient. (AC +4)
You are immune to poison.
You resist negative energy. (rN+)
You are resistant to electric shocks. (rElec)
You can survive without breathing.
You are immune to petrification.
You are immune to rotting.


Message History

Your Armour skill increases to level 2!
Your Dodging skill increases to level 3!
You have reached level 5!
The ogre hits you with a +0 giant club.
You sock the ogre!
The ogre is moderately wounded.
You block the ogre's attack.
You completely miss the ogre.
The ogre is moderately wounded.
You are near starving!
The ogre hits you with a +0 giant club.
You sock the ogre!
The ogre is heavily wounded.
The ogre hits you with a +0 giant club.
* * * LOW HITPOINT WARNING * * *
You hit the ogre.
The ogre is severely wounded.
The ogre hits you with a +0 giant club!
Ouch! That really hurt!
You die...

#.........
#......... ..#
#.........
#....#####
#.........
#...<.###.........
#####.............
######........
#.........
#.@O......
#.........
...........
###.........
##........
........#
.#.#..### # .....


You could see an ogre.

Vanquished Creatures
  A bullfrog skeleton (D:4)
  Robin (D:3)
  An ooze (D:1)
  3 worms (D:2)
  4 leopard geckos
  An orc (D:2)
  2 ball pythons
  11 bats
  2 giant cockroaches (D:2)
  11 goblins
  8 hobgoblins
  6 jackals (D:2)
  3 quokkas
  13 kobolds
  9 rats
76 creatures vanquished.

Vanquished Creatures (others)
  A goblin (D:3)
  A kobold (D:3)
2 creatures vanquished.

Grand Total: 78 creatures vanquished

Notes
Turn   | Place    | Note
-------+----------+-------------------------------------------
     0 | D:1      | Freyura the Gargoyle Gladiator began the quest for the Orb.
     0 | D:1      | Reached XP level 1. HP: 12/12 MP: 1/1
    87 | D:1      | Reached XP level 2. HP: 17/18 MP: 2/2
   233 | D:1      | Reached skill level 1 in Armour
   306 | D:1      | Reached XP level 3. HP: 22/22 MP: 3/3
   670 | D:2      | Reached XP level 4. HP: 25/27 MP: 4/4
  1379 | D:2      | Reached skill level 4 in Maces & Flails
  1571 | D:3      | Noticed Robin
  1597 | D:3      | Killed Robin
  2002 | D:3      | Noticed a crocodile
  2117 | D:3      | Found an iron altar of Okawaru.
  2232 | D:4      | Noticed an ogre
  2242 | D:4      | Reached XP level 5. HP: 16/32 MP: 5/5
  2246 | D:4      | Mangled by an ogre

Skill      XL: |  1  2  3  4 |
---------------+-------------+-----
Armour         | 1 2 |  2.0
Maces & Flails | 4 |  4.3
Fighting       | 3 |  3.2
Dodging        | 3 |  3.0
Throwing       | |  1.7

Action                   |  1- 3 |  4- 6 || total
-------------------------+-------+-------++-------
Melee: Flail             |   101 |   102 ||   203
  Use: Scroll            |       |    12 ||    12
  Eat: Chunk             |       |     3 ||     3
Armor: Leather armour    |    38 |    29 ||    67
       Ring mail         |       |    32 ||    32
Dodge: Dodged            |    64 |    90 ||   154
Block: Other             |    26 |    39 ||    65
       Reflection        |     1 |     6 ||     7
